 Dungeon Crawl Stone Soup version 0.23.2-30-g0e89c35649 (webtiles) character file.

Game seed: 2700425240720756683

231 CheeseeCupcake the Vandal (level 5, 0/46 HPs)
             Began as a Minotaur Hunter on June 8, 2019.
             Killed from afar by Ijyb (2 damage)
             ... with a wand of flame (15)
             ... on level 3 of the Dungeon.
             The game lasted 00:09:40 (3146 turns).

CheeseeCupcake the Vandal (Minotaur Hunter)         Turns: 3146, Time: 00:09:41

Health: 0/46       AC:  6    Str: 18    XL:     5   Next: 73%
Magic:  4/4        EV: 10    Int:  8    God:
Gold:   155        SH:  0    Dex: 10    Spells: 4/4 levels left

rFire    . . .     SeeInvis .   b - +0 short sword
rCold    . . .     Gourm    .   (no shield)
rNeg     . . .     Faith    .   j - +0 scale mail
rPois    .         Spirit   .   (helmet restricted)
rElec    .         Reflect  .   (no cloak)
rCorr    .         Harm     .   (no gloves)
MR       .....                  (no boots)
Stlth    ..........             (no amulet)
HPRegen  0.15/turn              (no ring)
MPRegen  0.09/turn              (no ring)

@: no status effects
A: retaliatory headbutt, horns 2
a: no special abilities


You were on level 3 of the Dungeon.
You were not hungry.

You visited 1 branch of the dungeon, and saw 4 of its levels.
You also visited: Sewer.

You collected 155 gold pieces.

Inventory:

Hand Weapons
 a - a +1 hunting sling
 b - a +0 short sword (weapon)
 l - a cursed -1 mace
Missiles
 g - 78 stones (quivered)
Armour
 j - a +0 scale mail (worn)
 k - a cursed +0 chain mail
Scrolls
 n - a scroll of teleportation {unknown}
 q - a scroll of magic mapping {unknown}
 r - a scroll of enchant weapon {unknown}
 s - a scroll of blinking {unknown}
Potions
 c - a potion of haste
 e - 3 potions of brilliance {unknown}
 h - a potion of lignification {unknown}
 i - a potion of agility {unknown}
 m - 2 potions of curing {unknown}
 o - 3 potions of flight {unknown}
 p - 2 potions of might {unknown}
Comestibles
 f - 4 rations


   Skills:
 * Level 4.0 Fighting
 - Level 7.0 Slings
 + Level 1.4 Armour
 - Level 2.1 Dodging
 - Level 0.7 Stealth


You had 4 spell levels left.
You didn't know any spells.
Your spell library was empty.

Dungeon Overview and Level Annotations

Branches:
Dungeon (4/15)
 Temple: D:4-7

Altars:
Xom

Annotations:
D:3 Ijyb


Innate Abilities, Weirdness & Mutations

You reflexively headbutt those who attack you in melee.
You have a pair of horns on your head.


Message History

Ijyb is heavily wounded.
Ijyb hits you.
* * * LOW HITPOINT WARNING * * *
You hit Ijyb but do no damage. Your headbutt misses Ijyb.
Ijyb is heavily wounded.
Ijyb zaps a wand.
The puff of flame hits you!
* * * LOW HITPOINT WARNING * * *
You closely miss Ijyb. Your headbutt misses Ijyb.
Ijyb is heavily wounded.
Ijyb closely misses you.
You hit Ijyb. You headbutt Ijyb!
Ijyb is almost dead.
Ijyb hits you but does no damage.
You completely miss Ijyb.
Ijyb is almost dead.
Ijyb hits you but does no damage.
You closely miss Ijyb.
Ijyb is almost dead.
Ijyb zaps a wand.
The puff of flame hits you.
You die...

####...###[##
#...........#
#.#......#..# #
#....<.#..#
............####
#.#..#.#.......#
#......#.##.##.#
###......##....#
##.###.####@.#
.. #.# #g.# ...
#.. ...# ##
##(## #(# #(#
#(# #(#


You could see Ijyb.

Vanquished Creatures
  3 gnolls (D:2)
  7 adders
  7 oozes
  8 worms
  2 dart slugs (D:1)
  3 orcs (D:3)
  8 giant cockroaches
  6 goblins
  4 hobgoblins
  5 jackals
  2 ball pythons
  5 bats
  A frilled lizard (D:3)
  16 kobolds
  10 rats
  A bush (D:1)
88 creatures vanquished.

Notes
Turn   | Place    | Note
-------+----------+-------------------------------------------
     0 | D:1      | CheeseeCupcake the Minotaur Hunter began the quest for the
                  | Orb.
     0 | D:1      | Reached XP level 1. HP: 18/18 MP: 0/0
    76 | D:1      | Reached XP level 2. HP: 20/25 MP: 1/1
   336 | D:1      | Reached skill level 5 in Slings
   710 | D:1      | Reached XP level 3. HP: 30/30 MP: 2/2
  1110 | D:2      | Reached XP level 4. HP: 22/37 MP: 3/3
  1112 | D:2      | Reached skill level 6 in Slings
  1597 | D:2      | Found a shimmering altar of Xom.
  1597 | D:2      | Found a shimmering altar of Xom.
  1601 | D:2      | Found a shimmering altar of Xom.
  1602 | D:2      | Found a shimmering altar of Xom.
  2233 | D:3      | Found a glowing drain.
  2238 | D:3      | Reached XP level 5. HP: 45/45 MP: 4/4
  2247 | Sewer    | Entered a sewer
  2259 | Sewer    | Reached skill level 1 in Armour
  2626 | Sewer    | Reached skill level 7 in Slings
  3125 | D:3      | Noticed Ijyb
  3142 | D:3      | HP: 1/46 [Ijyb/wand of flame (16) (8)]
  3146 | D:3      | Killed from afar by Ijyb

Skill      XL: |  1  2  3  4  5 |
---------------+----------------+-----
Slings         | 5 6 7 |  7.0
Fighting       | 3 4 |  4.0
Armour         | 1 |  1.4
Dodging        | |  2.1
Stealth        | |  0.7

Action                   |  1- 3 |  4- 6 || total
-------------------------+-------+-------++-------
Melee: Short sword       |    91 |    15 ||   106
       Headbutt          |    28 |     2 ||    30
 Fire: Hunting sling     |    79 |   192 ||   271
  Eat: Chunk             |       |     7 ||     7
Armor: Scale mail        |     8 |    33 ||    41
Dodge: Dodged            |    12 |    41 ||    53
